 Dungeon Crawl Stone Soup version 0.31-a0-1616-gbeaec30b81 (webtiles) character file.

Game seed: 9129734922988007541

119 MisterAzrael the Sneak (level 4, -5/21 HPs)
             Began as a Felid Enchanter on Jan 10, 2024.
             Slain by a gnoll
             ... wielding a +0 halberd
              (16 damage)
             ... on level 4 of the Dungeon.
             The game lasted 00:06:03 (3005 turns).

MisterAzrael the Sneak (Felid Enchanter)            Turns: 3005, Time: 00:06:03

Health: -5/21      AC:  5    Str:  6    XL:     4   Next: 73%
Magic:  9/9        EV: 17    Int: 19    God:
Gold:   153        SH:  0    Dex: 16    Spells: 3/8 levels left
                                        Lives:  0   Deaths: 2

rFire   . .          .
                       - Unarmed
rCold   . . .        (shield unavailable)
rNeg    . . .        (body armour unavailable)
rPois   .            (helmet unavailable)
rElec   .            (cloak unavailable)
rCorr   .            (gloves unavailable)
SInv    +            (boots unavailable)
Will    .....        (no amulet)
Stlth   +++          f - +4 ring of protection
HPRegen 0.23/turn    p - ring of flight
MPRegen 0.11/turn

%: no passive effects
@: flying
A: very small, claws 1, fangs 3, see invisible, shaggy fur 1, stealthy paws, no
weapons or thrown items, no armour, multi-lived
a: no special abilities


You were on level 4 of the Dungeon.
You visited 1 branch of the dungeon, and saw 4 of its levels.

You collected 153 gold pieces.

Inventory:

Jewellery
 d - a ring of protection from fire
 f - a +4 ring of protection (left paw)
 n - a ring of protection from fire
 p - a ring of flight (right paw)
Scrolls
 b - 2 scrolls of enchant weapon
 e - 3 scrolls of identify
 h - a scroll of amnesia {unknown}
 i - a scroll of vulnerability {unknown}
 k - a scroll of fog
 m - a scroll of enchant armour {unknown}
 s - a scroll of butterflies {unknown}
 t - a scroll of noise {unknown}
Potions
 a - 2 potions of invisibility
 c - a potion of curing {unknown}
 g - a potion of attraction {unknown}
 j - a potion of ambrosia {unknown}
 l - a potion of cancellation {unknown}
 o - 2 potions of berserk rage {unknown}
 q - a potion of brilliance {unknown}
 r - a potion of mutation {unknown}


   Skills:
 - Level 2.6 Dodging
 * Level 5.8 Stealth
 + Level 2.1 Unarmed Combat
 + Level 2.7 Spellcasting
 + Level 5.3 Hexes


You had 3 spell levels left.
You knew the following spells:

 Your Spells              Type           Power      Damage    Failure   Level
a - Ensorcelled Hibernat  Hex/Ice        24%        N/A       9%          2
b - Confusing Touch       Hex            22%        N/A       5%          3

Your spell library contained the following spells:

 Spells                   Type           Power      Damage    Failure   Level
 Tukima's Dance           Hex            22%        N/A       5%          3
 Summon Small Mammal      Summ           8%         N/A       16%         1
 Dazzling Flash           Conj/Hex       24%        N/A       16%         3
 Static Discharge         Conj/Air       4%         3-4/arc   24%         2
 Call Canine Familiar     Summ           2%         N/A       43%         3
 Airstrike                Air            1%         2d(1-17)  83%         4
 Summon Blazeheart Golem  Fire/Summ      2%         N/A       83%         4
 Summon Lightning Spire   Summ/Air       2%         N/A       83%         4


Dungeon Overview and Level Annotations

Branches:
Dungeon (4/15)
 Temple: D:4-7

Altars:
Cheibriados

Shops:
D:3 (


Innate Abilities, Weirdness & Mutations

You have sharp claws.
You have razor-sharp teeth.
You have supernaturally acute eyesight. (SInv)
You are covered in fur. (AC +1)
Your paws help you pounce on unaware monsters.
You are incapable of wielding weapons or throwing items.
You cannot wear armour.
You gain extra lives every three experience levels.


Message History

There is a stone staircase leading down here.
The black bear rages.
There is a shaft here.
The black bear rages.
The black bear attacks as it pursues you!
The black bear barely misses you.
The black bear claws you but does no damage.
The black bear claws you. The black bear bites you. The black bear claws you.
The black bear completely misses you.
The black bear rages.
The black bear rages.
The black bear attacks as it pursues you!
The black bear bites you. The black bear barely misses you.
The black bear claws you.
* * * LOW HITPOINT WARNING * * *
The black bear bites you.
* * * LOW HITPOINT WARNING * * *
The black bear claws you but does no damage.
The black bear claws you.
You die...
You rejoin the land of the living...
Found a glowing dagger.
You now have 153 gold pieces (gained 10).
Found a stone staircase leading down.
A gnoll comes into view. It is wielding a +0 halberd.
The gnoll shouts!
A dart slug comes into view.
There are monsters nearby!
The dart slug launches a dart at you. The slug dart misses you.
An iguana comes into view.
You reach down and open the door.
The gnoll attacks as it pursues you! The gnoll misses you.
There is an open door here.
The gnoll attacks as it pursues you!
The gnoll hits you from afar with a +0 halberd!
Ouch! That really hurt!
The gnoll hits you from afar with a +0 halberd!
Ouch! That really hurt!
You die...

#.. #.# #..#
.#)# #####.#.# #
####..#.##.#
...##....##.##.#
......#.....g'.+
#...##.##@#
#......##.##.#
.......#.###.#.#
..>...#### #.#.#
....w. ##..#
.l.... ##.#
..... #.# .....
... .###


You could see a gnoll.

Vanquished Creatures
  An iguana (D:4)
  3 adders
  A dart slug (D:3)
  7 bats
  11 endoplasms
  3 giant cockroaches
  4 goblins
  4 hobgoblins
  5 jackals
  A kobold (D:3)
  A quokka (D:3)
  7 ball pythons
  4 frilled lizards
  6 rats
58 creatures vanquished.

Notes
Turn   | Place    | Note
-------+----------+-------------------------------------------
     0 | D:1      | MisterAzrael the Felid Enchanter began the quest for the
                  | Orb.
     0 | D:1      | Reached XP level 1. HP: 9/9 MP: 4/4
   302 | D:1      | Slain by a hobgoblin
   302 | D:1      | Lost a life (0 lives remaining)
   550 | D:1      | Reached XP level 2. HP: 13/13 MP: 6/6
   791 | D:1      | Learned a level 2 spell: Ensorcelled Hibernation
  1349 | D:2      | Reached XP level 3. HP: 15/16 MP: 4/7
  1679 | D:2      | Reached skill level 5 in Stealth
  1838 | D:2      | Learned a level 3 spell: Confusing Touch
  1849 | D:3      | Found a snail-covered altar of Cheibriados.
  1974 | D:3      | Reached skill level 5 in Hexes
  2092 | D:3      | Noticed a shining eye
  2095 | D:3      | Found a faded altar of an unknown god.
  2099 | D:3      | Noticed a glass eye
  2106 | D:3      | Noticed a shining eye
  2107 | D:3      | Noticed an eye of devastation
  2342 | D:3      | Reached XP level 4. HP: 21/21 MP: 3/8
  2342 | D:3      | Gained a life (1 life remaining)
  2548 | D:3      | Found Egeugh's Weapon Emporium.
  2910 | D:4      | Noticed a black bear
  2965 | D:4      | Noticed an ogre
  2982 | D:4      | HP: 1/21 [black bear (5)]
  2982 | D:4      | Slain by a black bear
  2982 | D:4      | Lost a life (0 lives remaining)
  3005 | D:4      | Slain by a gnoll

Illustrated notes

Levels and vault maps discovered:
D:1:      spicycebolla_arrival_clurvy, layout_basic, grunt_decor_junction,
          chequers_mini_garden, grunt_decor_clamped, minmay_stone_trees_medium,
          chequers_serial_rivers_micro_a, minmay_misc_feat_rows
D:2:      layout_basic, serial_rivers, chequers_serial_rivers_small_a,
          chequers_serial_rivers_marsh, chequers_serial_rivers_micro_a,
          chequers_serial_rivers_marsh, minmay_pentomino_z4
D:3:      layout_loops_cross, mainiacjoe_overflow_tiny_flanked,
          hellmonk_ecumenical_altar_watching_god, serial_shops,
          nicolae_shop_bloodbath_and_beyond, serial_bayou_pond_e,
          minmay_misc_feat_diagonals, grunt_ministairs_14,
          minmay_fractal_squares_diagonal_5
D:4:      layout_rooms, okawaru_altar_gauntlet_db, interstate_on_off,
          st_stairs_12, minmay_fractal_squares_gapless_5

Skill      XL: |  1  2  3  4 |
---------------+-------------+-----
Stealth        | 5 |  5.8
Hexes          | 5 |  5.3
Unarmed Combat | 2 |  2.1
Dodging        | |  2.6
Spellcasting   | |  2.7

Action                     |  1- 3 |  4- 6 || total
---------------------------+-------+-------++-------
  Melee: Unarmed           |    90 |    28 ||   118
         Bite              |    10 |     2 ||    12
         Punch             |     2 |     1 ||     3
   Cast: Ensorcelled Hiber |    20 |     7 ||    27
    Use: Scroll            |     3 |       ||     3
   Stab: Sleeping          |    29 |     3 ||    32
 Armour: Skin              |    38 |    21 ||    59
  Dodge: Dodged            |   121 |    27 ||   148

Table legend: (Time is in decaauts)
 A = Elapsed time spent in this place.
 B = Non-inter-level travel time spent in this place.
 C = Inter-level travel time spent in this place.
 D = Time resting spent in this place.
 E = Time spent auto-exploring this place.
 F = Levels seen in this place.
 G = Mean time per level.
                   A        B        C        D        E       F      G
               +--------+--------+--------+--------+--------+-----+--------+
         Total |   3011 |   2933 |     78 |    422 |   1990 |   4 |  752.8 |
       Dungeon |   3011 |   2933 |     78 |    422 |   1990 |   4 |  752.8 |
               +--------+--------+--------+--------+--------+-----+--------+

Top non-repeatable levels by time:
     D:1: 1073 daAuts
     D:3: 1002 daAuts
     D:2: 782 daAuts
     D:4: 153 daAuts
